 Dungeon Crawl Stone Soup version 0.29-a0-322-g68df515428 (webtiles) character file.

Game seed: 15214071316232663359

121 zishaf the Conjurer (level 5, 0/38 HPs)
             Began as a Human Conjurer on Apr 5, 2022.
             Was a Follower of Uskayaw.
             Slain by a gnoll
             ... wielding a +0 whip
              (1 damage)
             ... on level 5 of the Dungeon.
             The game lasted 00:05:22 (4542 turns).

zishaf the Conjurer (Human Conjurer)                Turns: 4542, Time: 00:05:23

Health: 0/38       AC: 10    Str:  7    XL:     5   Next: 26%
Magic:  8/8        EV: 10    Int: 21    God:    Uskayaw [*.....]
Gold:   293        SH:  0    Dex: 11    Spells: 5/8 levels left

rFire   + . .      SeeInvis .   a - +1 trident
rCold   . . .      Faith    .   (no shield)
rNeg    . . .      Spirit   .   e - +1 ring mail {rF+}
rPois   .          Reflect  .   f - +1 hat
rElec   .          Harm     .   l - +2 cloak
rCorr   .          Rampage  .   (no gloves)
Will    .....                   (no boots)
Stlth   +.........              (no amulet)
HPRegen 0.12/turn               (no ring)
MPRegen 0.11/turn               (no ring)

@: lethally poisoned (0 -> -1)
A: no striking features
a: Renounce Religion, Stomp


You were on level 5 of the Dungeon.
You worshipped Uskayaw.
Uskayaw was noncommittal.
You visited 1 branch of the dungeon, and saw 6 of its levels.

You collected 293 gold pieces.

Inventory:

Hand Weapons
 a - a +1 trident (weapon)
Armour
 c - a +0 robe
 e - a +1 ring mail of fire resistance (worn)
 f - a +1 hat (worn)
 l - a +2 cloak (worn)
Wands
 h - a wand of iceblast (7)
Scrolls
 d - a scroll of torment
 g - 3 scrolls of identify
 i - 4 scrolls of enchant weapon
Potions
 b - 2 potions of magic
 j - 2 potions of curing
 k - 2 potions of brilliance {unknown}
 m - a potion of might {unknown}
 n - a potion of degeneration {unknown}
 o - a potion of resistance {unknown}


   Skills:
 - Level 2.2 Fighting
 + Level 0.8 Polearms
 + Level 2.0 Armour
 - Level 2.0 Dodging
 - Level 2.0 Stealth
 - Level 2.0 Spellcasting
 + Level 4.9 Conjurations


You had 5 spell levels left.
You knew the following spells:

 Your Spells              Type           Power      Damage    Failure   Level
a - Magic Dart            Conj           92%        1d7       6%          1
b - Searing Ray           Conj           46%        2d6       10%         2

Your spell library contained the following spells:

 Spells                   Type           Power      Damage    Failure   Level
 Dazzling Flash           Conj/Hex       24%        N/A       47%         3
 Fulminant Prism          Conj/Hex       6%         3d7       87%         4
 Iskenderun's Mystic Bla  Conj/Tloc      12%        2d5       87%         4


Dungeon Overview and Level Annotations

Branches:
Dungeon (6/15)
 Temple: D:4-7

Altars:
Uskayaw


Message History

The two-headed ogre shouts in stereo!
Found a dagger.
You see here a +0 dagger.
A gnoll comes into view. It is wielding a +0 spear.
A gnoll sergeant comes into view. It is wielding a +0 spear of venom.
Found a stone staircase leading up.
The gnoll sergeant shouts!
You hear a shout!
A gnoll comes into view. It is wielding a +0 whip.
The gnoll barely misses you.
The gnoll shouts!
The gnoll hits you but does no damage.
A gnoll comes into view. It is wielding a +0 flail.
The gnoll hits you but does no damage.
Found a book of Air.
The gnoll hits you from afar with a +0 spear.
A phantom comes into view.
The gnoll barely misses you.
The gnoll sergeant hits you from afar with a +0 spear of venom!
You are poisoned.
Found a book of Power.
You feel very sick.
Found 25 stones.
You feel sick. The gnoll hits you with a +0 whip.
There is a stone staircase leading up, spattered with blood here.
You feel sick. The gnoll hits you with a +0 whip.
* * * LOW HITPOINT WARNING * * *
The gnoll misses you. The gnoll sergeant barely misses you.
You climb upwards.
* * * LOW HITPOINT WARNING * * *
You feel sick.
There is a stone staircase leading down here.
Found 9 gold pieces.
* * * LOW HITPOINT WARNING * * *
You feel sick.
* * * LOW HITPOINT WARNING * * *
You feel sick.
Unknown command.
You closely miss the gnoll.
* * * LOW HITPOINT WARNING * * *
You feel sick. The gnoll hits you with a +0 whip.
You die...

. . ### ..
..###.. ####.
.$..... ....
.......##.####.#
...............#
#@g>....#
#.....####.....
#.##### .##


You could see a gnoll.

Vanquished Creatures
  5 adders
  3 dart slugs
  6 bats
  3 endoplasms (D:4)
  2 giant cockroaches
  6 goblins
  7 hobgoblins
  4 jackals (D:1)
  4 kobolds
  9 quokkas
  7 ball pythons
  6 frilled lizards
  6 rats
68 creatures vanquished.

Notes
Turn   | Place    | Note
-------+----------+-------------------------------------------
     0 | D:1      | zishaf the Human Conjurer began the quest for the Orb.
     0 | D:1      | Reached XP level 1. HP: 13/13 MP: 3/3
   255 | D:1      | Reached XP level 2. HP: 16/20 MP: 5/5
   329 | D:1      | Reached skill level 1 in Fighting
   715 | D:1      | Reached XP level 3. HP: 21/26 MP: 6/6
  1550 | D:2      | Reached skill level 1 in Armour
  1780 | D:2      | Learned a level 2 spell: Searing Ray
  2175 | D:2      | Reached XP level 4. HP: 22/33 MP: 5/7
  3023 | D:2      | Found a faded altar of an unknown god.
  3194 | D:2      | Prayed at the altar of an unknown god.
  3194 | D:2      | Became a worshipper of Uskayaw the Reveller
  3194 | D:2      | Reached * piety under Uskayaw
  3844 | D:3      | Reached XP level 5. HP: 34/38 MP: 3/8
  4516 | D:4      | You fall into a shaft and drop 2 floors!
  4516 | D:6      | Noticed a two-headed ogre
  4534 | D:6      | Noticed a phantom
  4539 | D:5      | Entered Level 5 of the Dungeon
  4542 | D:5      | HP: 1/38 [poisoned by a gnoll sergeant]
  4542 | D:5      | Slain by a gnoll

Illustrated notes

Levels and vault maps discovered:
D:1:      dpeg_arrival_boxorama, layout_basic
D:2:      layout_basic, dreamdust_ecumenical_altar_statues, minmay_hedge_maze
D:3:      layout_loops_cross, kennysheep_decorative_pillar,
          chequers_serial_rivers_micro_b
D:4:      layout_rooms, nicolae_ossuary_entry_ruins
D:5:      lemuel_ratsnest, layout_rooms, grunt_temple_overflow_holy_war,
          minmay_temple_entry_proselytizer
D:6:      layout_cave_pools

Skill      XL: |  1  2  3  4  5 |
---------------+----------------+-----
Fighting       | 1 2 |  2.2
Armour         | 1 2 |  2.0
Polearms       | |  0.8
Dodging        | |  2.0
Stealth        | |  2.0
Spellcasting   | |  2.0
Conjurations   | |  4.9

Action                   |  1- 3 |  4- 6 || total
-------------------------+-------+-------++-------
Melee: Trident           |   108 |    32 ||   140
       Punch             |     1 |     1 ||     2
 Cast: Magic Dart        |    15 |    50 ||    65
  Use: Scroll            |       |     6 ||     6
 Stab: Sleeping          |     1 |     1 ||     2
Armor: Robe              |     5 |       ||     5
       Ring mail         |    60 |    23 ||    83
Dodge: Dodged            |    64 |    30 ||    94

Table legend: (Time is in decaauts)
 A = Elapsed time spent in this place.
 B = Non-inter-level travel time spent in this place.
 C = Inter-level travel time spent in this place.
 D = Time resting spent in this place.
 E = Time spent auto-exploring this place.
 F = Levels seen in this place.
 G = Mean time per level.
                   A        B        C        D        E       F      G
               +--------+--------+--------+--------+--------+-----+--------+
         Total |   4583 |   4385 |    198 |    223 |   3566 |   6 |  763.8 |
       Dungeon |   4583 |   4385 |    198 |    223 |   3566 |   6 |  763.8 |
               +--------+--------+--------+--------+--------+-----+--------+

Top non-repeatable levels by time:
     D:2: 1929 daAuts
     D:1: 1527 daAuts
     D:3: 972 daAuts
     D:4: 128 daAuts
     D:6: 22 daAuts
     D:5: 2 daAuts
